 Dungeon Crawl Stone Soup version 0.26.1-11-gd32895ea62 (webtiles) character file.

Game seed: 1215328223078453988

665 Zeld the Sneak (level 7, 14/33 HPs)
             Began as a Spriggan Brigand on June 5, 2021.
             Quit the game on level 5 of the Dungeon.
             The game lasted 00:07:54 (6079 turns).

Zeld the Sneak (Spriggan Brigand)                   Turns: 6079, Time: 00:07:55

Health: 14/33      AC:  3    Str:  7    XL:     7   Next: 31%
Magic:  13/13      EV: 17    Int: 13    God:
Gold:   175        SH:  0    Dex: 19    Spells: 11/13 levels left

rFire    . . .     SeeInvis +   a - +2 dagger
rCold    . . .     Faith    .   (shield restricted)
rNeg     . . .     Spirit   .   b - +0 robe
rPois    .         Reflect  .   (helmet restricted)
rElec    .         Harm     .   c - +0 cloak
rCorr    .         Rampage  .   (gloves unavailable)
Will     +....                  (boots unavailable)
Stlth    +++.......             (no amulet)
HPRegen  0.11/turn              g - ring of attention (curse)
MPRegen  0.13/turn              (no ring)

@: very quick
A: very small, unfitting armour, see invisible, speed 3
a: no special abilities


You were on level 5 of the Dungeon.
You visited 1 branch of the dungeon, and saw 5 of its levels.

You collected 175 gold pieces.

Inventory:

Hand Weapons
 a - a +2 dagger (weapon)
Missiles
 d - 23 poisoned darts (quivered)
 e - 6 curare-tipped darts
 q - 6 atropa-tipped darts
Armour
 b - a +0 robe (worn)
 c - a +0 cloak (worn)
Jewellery
 g - a cursed ring of attention (left hand)
Wands
 m - a wand of flame (4)
Scrolls
 f - 4 scrolls of remove curse {unknown}
 i - 3 scrolls of enchant armour {unknown}
 p - 4 scrolls of identify {unknown}
 s - a scroll of amnesia {unknown}
 t - a scroll of teleportation {unknown}
 u - a scroll of immolation {unknown}
 v - a scroll of enchant weapon {unknown}
 y - a scroll of fog {unknown}
 z - a scroll of blinking {unknown}
 A - a scroll of random uselessness {unknown}
Potions
 j - a potion of might {unknown}
 k - a potion of flight {unknown}
 n - a potion of attraction {unknown}
 o - 2 potions of heal wounds {unknown}
 r - 2 potions of cancellation {unknown}
 w - a potion of brilliance {unknown}
 x - 2 potions of degeneration {unknown}


   Skills:
 - Level 1.5 Fighting
 * Level 5.4 Short Blades
 * Level 4.9 Throwing
 - Level 1.5 Dodging
 + Level 7.7 Stealth
 + Level 3.7 Spellcasting


You had 11 spell levels left.
You knew the following spells:

 Your Spells              Type           Power        Failure   Level
a - Blink                 Tloc           N/A          32%         2

Your spell library contained the following spells:

 Spells                   Type           Power        Failure   Level
 Magic Dart               Conj           8%           22%         1
 Call Imp                 Summ           2%           32%         2
 Slow                     Hex            2%           32%         2
 Conjure Flame            Conj/Fire      2%           54%         3
 Mephitic Cloud           Conj/Pois/Air  2%           54%         3


Dungeon Overview and Level Annotations

Branches:
Dungeon (5/15)
 Temple: D:4-7

Altars:
Makhleb
Qazlal

Annotations:
D:5 1 transporter


Innate Abilities, Weirdness & Mutations

You are very small and have problems with some larger weapons.
You are too small for most types of armour.
You have supernaturally acute eyesight. (SInv)
You cover ground extremely quickly.


Message History

The orc wizard casts a cantrip, but nothing happens.
Found a stone staircase leading up.
Found a short jewelled staff.
You see here a tubular ruby ring.
Found a scroll labelled ARUPRO ARUXKIA.
Found a stone staircase leading up.
Found 13 arrows.
You enter the shallow water.
Moving in this stuff is going to be slow.
Found an escape hatch in the floor.
Why would you want to do that? Why would you want to do that?
A giant cockroach comes into view.
You closely miss the giant cockroach.
The giant cockroach completely misses you.
The giant cockroach misses you.
You hear the rusting of a drain nearby.
Okay, then.
Found a stone staircase leading down.
Are you sure you want to abandon this character and quit the game? (Confirm with "yes".)

#... ##.#
##.##
#...#
#...#
##...#
#...##
##...#
########
#...##
#.>...@#
##...#
######.#
##...##
#.#
##...##
#.#
##...##
#h#
##...##
#.#
#...##
#.###...#
#.##...##
#.##B..#


You could see a jackal.

Vanquished Creatures
  Sigmund (D:2)
  An ogre (D:5)
  A gnoll sergeant (D:4)
  3 scorpions
  A hound (D:4)
  A bullfrog skeleton (D:4)
  4 gnolls (D:4)
  7 adders
  A worm (D:3)
  2 dart slugs
  4 leopard geckos
  4 orcs
  3 giant cockroaches
  A goblin (D:2)
  7 hobgoblins
  A quokka (D:4)
  2 ball pythons (D:2)
  4 bats
  3 frilled lizards
  6 kobolds
  A quokka skeleton (D:5)
  4 rats
62 creatures vanquished.

Notes
Turn   | Place    | Note
-------+----------+-------------------------------------------
     0 | D:1      | Zeld the Spriggan Brigand began the quest for the Orb.
     0 | D:1      | Reached XP level 1. HP: 10/10 MP: 2/2
   298 | D:1      | Reached XP level 2. HP: 12/14 MP: 3/3
   347 | D:1      | Reached skill level 6 in Stealth
   773 | D:2      | Noticed a scorpion
  1257 | D:2      | Reached skill level 1 in Spellcasting
  1710 | D:2      | Noticed Sigmund
  2179 | D:2      | Killed a scorpion
  2180 | D:2      | Reached XP level 3. HP: 13/18 MP: 4/6
  2180 | D:2      | Reached XP level 4. HP: 16/22 MP: 4/7
  2503 | D:2      | Found a stormy altar of Qazlal.
  2992 | D:2      | Killed Sigmund
  2993 | D:2      | Reached XP level 5. HP: 25/25 MP: 7/9
  3423 | D:3      | Reached XP level 6. HP: 17/30 MP: 11/11
  3632 | D:3      | Reached skill level 7 in Stealth
  4330 | D:4      | Learned a level 2 spell: Blink
  4743 | D:4      | Found a burning altar of Makhleb.
  4743 | D:4      | Noticed a green death
  4747 | D:4      | Noticed a smoke demon
  4747 | D:4      | Noticed a hellwing
  4888 | D:4      | Reached skill level 5 in Short Blades
  4888 | D:4      | Reached XP level 7. HP: 8/33 MP: 11/13
  5755 | D:5      | Entered Level 5 of the Dungeon
  5894 | D:5      | Found a transporter.
  5894 | D:5      | Noticed a fire bat
  6079 | D:5      | Quit the game

Illustrated notes

Levels and vault maps discovered:
D:1:      scummos_arrival_star, layout_loops_ring
D:2:      layout_basic, lemuel_tele_altar, uniq_sigmund
D:3:      layout_basic
D:4:      layout_loops_ring, makhleb_altar_promises_db, lightli_minifort
D:5:      gammafunk_cloud_chamber, layout_basic, serial_curves, eino_curves_01,
          eino_curves_01, eino_curves_01, portal_sewer_entry_f,
          chequers_serial_rivers_small_a, columned_hall_lemuel,
          hangedman_abyss_or_decor_stagger, ebering_dispersal_statue_hall

Skill      XL: |  1  2  3  4  5  6 |
---------------+-------------------+-----
Stealth        | 6 7 |  7.7
Spellcasting   | 1 2 3 |  3.7
Short Blades   | 3 4 5 |  5.4
Throwing       | 3 4 |  4.9
Fighting       | |  1.5
Dodging        | |  1.5

Action                   |  1- 3 |  4- 6 |  7- 9 || total
-------------------------+-------+-------+-------++-------
Melee: Dagger            |    40 |   122 |    60 ||   222
Throw: Dart              |     4 |    16 |       ||    20
Evoke: Wand              |       |       |     9 ||     9
  Use: Potion            |       |       |     4 ||     4
 Stab: Sleeping          |    14 |     9 |     2 ||    25
       Distracted        |       |     1 |       ||     1
Armor: Robe              |     5 |     3 |    11 ||    19
Dodge: Dodged            |    22 |    88 |    89 ||   199
